 Dungeon Crawl Stone Soup version 0.30.1-11-g7821555f0a (webtiles) character file.

Game seed: 11843457126801115031

334 fireball365 the Chopper (level 6, -6/53 HPs)
             Began as a Hill Orc Fighter on Dec 1, 2023.
             Mangled by Grinder (7 damage)
             ... on level 3 of the Dungeon.
             The game lasted 00:04:40 (1956 turns).

fireball365 the Chopper (Hill Orc Fighter)          Turns: 1956, Time: 00:04:41

Health: -6/53      AC:  9    Str: 21    XL:     6   Next: 53%
Magic:  6/6        EV:  8    Int:  8    God:
Gold:   95         SH:  4    Dex: 10    Spells: 5/5 levels left

rFire   . . .        a - +0 war axe
rCold   . . .        c - +0 buckler
rNeg    . . .        q - +0 chain mail
rPois   .            (no helmet)
rElec   .            (no cloak)
rCorr   .            (no gloves)
SInv    .            (no boots)
Will    .....        r - amulet of the acrobat Stlth
                     (no ring)
HPRegen 0.28/turn    (no ring)
MPRegen 0.10/turn

%: acrobat
@: invisible
A: no striking features
a: no special abilities


You were on level 3 of the Dungeon.
You visited 1 branch of the dungeon, and saw 3 of its levels.

You collected 95 gold pieces.

Inventory:

Hand Weapons
 a - a +0 war axe (weapon)
Armour
 b - a +0 scale mail
 c - a +0 buckler (worn)
 q - a +0 chain mail (worn)
Jewellery
 k - an amulet of faith
 r - an amulet of the acrobat (around neck)
Wands
 t - a wand of flame (4)
Scrolls
 e - a scroll of amnesia {unknown}
 g - a scroll of noise
 h - a scroll of poison {unknown}
 j - a scroll of blinking {unknown}
 l - a scroll of teleportation {unknown}
 m - a scroll of vulnerability {unknown}
 o - a scroll of enchant weapon {unknown}
 p - 2 scrolls of enchant armour
Potions
 d - a potion of might
 i - 3 potions of flight
 n - a potion of heal wounds {unknown}
 s - a potion of curing {unknown}


   Skills:
 + Level 4.6 Fighting
 + Level 6.5 Axes
 + Level 4.2 Armour
 + Level 0.6 Dodging
 + Level 1.1 Stealth
 + Level 3.9 Shields


You had 5 spell levels left.
You didn't know any spells.
Your spell library contained the following spells:

 Spells                   Type           Power      Damage    Failure   Level
 Blink                    Tloc           0%         N/A       99%         2
 Lesser Beckoning         Tloc           0%         N/A       99%         2
 Momentum Strike          Conj/Tloc      0%         3d8       99%         2


Dungeon Overview and Level Annotations

Branches:
Dungeon (3/15)

Altars:

Annotations:
D:3 Grinder


Message History

Grinder gestures at you. Pain shoots through your body!
You see here a bat corpse.
e - a scroll labelled ZINYDGH ZOVEAX Grinder gestures at you.
You barely resist. You slash Grinder!
Grinder is moderately wounded.
Grinder gestures at you. Pain shoots through your body!
You slash Grinder!
Grinder is heavily wounded.
Grinder barely misses you.
You closely miss Grinder.
Grinder is heavily wounded.
Grinder hits you!
You writhe in agony.
You barely miss Grinder.
Grinder is heavily wounded.
Grinder hits you. Grinder hits you but does no damage.
You closely miss Grinder.
Grinder is heavily wounded.
Grinder hits you but does no damage.
You hit Grinder.
Grinder is heavily wounded.
Grinder hits you but does no damage.
You hit Grinder but do no damage.
Grinder is heavily wounded.
Grinder gestures at you.
You suddenly lose the ability to move!
Grinder hits you.
You writhe in agony.
* * * LOW HITPOINT WARNING * * *
Grinder hits you.
* * * LOW HITPOINT WARNING * * *
Grinder hits you.
* * * LOW HITPOINT WARNING * * *
You can move again.
It was a potion of invisibility.
You fade into invisibility!
Grinder hits you!
You die...

######## ..#.....
########.....>.
#..............
#..............
#....<.)...#
###########..[......##
........@5†.........#
.##########.........#
#.........#
#5...<....#
.............#
.....########## .5....
...... ......


You could see Grinder (unable to see you).

Vanquished Creatures
  Sigmund (D:2)
  2 orc priests
  Jessica (D:2)
  2 adders (D:2)
  A worm (D:2)
  3 dart slugs
  2 orcs (D:2)
  9 ball pythons
  5 endoplasms
  3 giant cockroaches
  6 goblins
  5 hobgoblins
  4 quokkas
  6 bats
  11 kobolds
  6 rats
67 creatures vanquished.

Notes
Turn   | Place    | Note
-------+----------+-------------------------------------------
     0 | D:1      | fireball365 the Hill Orc Fighter began the quest for the
                  | Orb.
     0 | D:1      | Reached XP level 1. HP: 19/19 MP: 1/1
    64 | D:1      | Reached XP level 2. HP: 27/27 MP: 2/2
   318 | D:1      | Reached skill level 3 in Axes
   340 | D:1      | Reached XP level 3. HP: 33/33 MP: 3/3
  1102 | D:2      | Reached XP level 4. HP: 40/40 MP: 4/4
  1135 | D:2      | Reached skill level 4 in Axes
  1397 | D:2      | Identified the +2 mace of the Sneaky Teeth {heavy, *Slow
                  | rC+++}
  1512 | D:2      | Noticed Jessica
  1519 | D:2      | Killed Jessica
  1549 | D:2      | Noticed Sigmund
  1558 | D:2      | Killed Sigmund
  1559 | D:2      | Reached skill level 6 in Axes
  1559 | D:2      | Reached skill level 1 in Stealth
  1559 | D:2      | Reached XP level 5. HP: 41/47 MP: 5/5
  1559 | D:2      | Reached XP level 6. HP: 46/53 MP: 6/6
  1935 | D:3      | Noticed Grinder
  1952 | D:3      | Paralysed by Grinder for 4 turns
  1955 | D:3      | HP: 1/53 [Grinder (5)]
  1956 | D:3      | Mangled by Grinder

Illustrated notes

Levels and vault maps discovered:
D:1:      mrwooster_arrival_arrow, layout_basic, minmay_hexomino_f4
D:2:      layout_basic, uniq_jessica, uniq_sigmund
D:3:      layout_rooms, nicolae_ru_path_of_blood,
          mainiacjoe_overflow_cross_hatched, serial_forest,
          infiniplex_forest_clump_C, infiniplex_forest_lined_3_way,
          infiniplex_forest_lined_room_2, infiniplex_forest_lined_room_3,
          infiniplex_forest_clump_medium, infiniplex_forest_clump_double,
          uniq_ijyb, uniq_grinder

Skill      XL: |  1  2  3  4 |
---------------+-------------+-----
Fighting       | 4 |  4.6
Axes           | 3 6 |  6.5
Armour         | 4 |  4.2
Stealth        | 1 |  1.1
Dodging        | |  0.6
Shields        | |  3.9

Action                     |  1- 3 |  4- 6 || total
---------------------------+-------+-------++-------
  Melee: War axe           |    92 |    64 ||   156
    Use: Scroll            |     2 |     2 ||     4
         Potion            |       |     1 ||     1
 Armour: Scale mail        |    80 |       ||    80
         Chain mail        |     2 |    22 ||    24
  Dodge: Dodged            |    77 |    27 ||   104
  Block: Buckler           |    38 |    10 ||    48
